 Dungeon Sprint DCSS version 0.21.0-25-ge575cb9 (webtiles) character file.

166 wojtek the Cleaver (level 5, -6/51 HPs)
             Began as a Minotaur Berserker on Jan 27, 2018.
             Was an Elder of Trog.
             Killed from afar by a deep elf mage (23 damage)
             ... with a bolt of fire
             ... in the Dungeon (Sprint III: "The Ten Rune Challenge").
             The game lasted 00:00:55 (371 turns).

wojtek the Cleaver (Minotaur Berserker)              Turns: 371, Time: 00:00:55

Health: -6/51      AC:  2    Str: 22    XL:     5   Next: 22%
Magic:  4/4        EV: 14    Int:  4    God:    Trog [****..]
Gold:   34         SH:  0    Dex: 10    Spells: 4/4 levels left

rFire    . . .     SeeInvis .   a - +0 hand axe
rCold    . . .     Gourm    .   (no shield)
rNeg     . . .     Faith    .   b - +0 animal skin
rPois    .         Spirit   .   (helmet restricted)
rElec    .         Reflect  .   (no cloak)
rCorr    .         Harm     .   (no gloves)
MR       .....     NoTele   +   (no boots)
Stlth    +.........             (no amulet)
HPRegen  0.17/turn              (no ring)
MPRegen  0.09/turn              (no ring)

@: no status effects
A: retaliatory headbutt, horns 2
a: Berserk, Trog's Hand, Brothers in Arms, Burn Spellbooks, Renounce Religion


You were in the Dungeon.
You worshipped Trog.
Trog was greatly pleased with you.
You were not hungry.

You visited 1 branch You collected 34 gold pieces.

Inventory:

Hand Weapons
 a - a +0 hand axe (weapon)
Armour
 b - a +0 animal skin (worn)
Scrolls
 i - a scroll of blinking
 l - a scroll of torment {unknown}
 m - 2 scrolls of identify {unknown}
 n - 4 scrolls of remove curse
 o - a scroll of holy word {unknown}
 p - a scroll of enchant weapon {unknown}
Potions
 d - a potion of curing
 e - a potion of heal wounds
 f - a potion of haste
 g - 3 potions of magic
 h - 2 potions of berserk rage
 k - 5 potions of mutation
 q - 2 potions of flight
Comestibles
 c - 3 rations


   Skills:
 + Level 6.7 Fighting
 * Level 8.9 Axes
 + Level 6.1 Armour
 + Level 5.6 Dodging


You had 4 spell levels left.
You didn't know any spells.

Dungeon Overview and Level Annotations

Branches:
Dungeon (1/1)

Altars:
Elyvilon
Kikubaaqudgha
Sif Muna
Vehumet
Zin
The Shining One


Innate Abilities, Weirdness & Mutations

You reflexively headbutt those who attack you in melee.
You have a pair of horns on your head.


Message History

The deep elf mage shouts!
The deep elf mage casts a spell at you. The sticky flame hits you!
You are covered in liquid flames!
Found two altars.
There is an open door here.
Drop what? 17/52 slots (_ for help) (? for menu, Esc to quit)
You drop a book of Minor Magic.
You are covered in liquid flames!
You are covered in liquid flames!
You are covered in liquid flames!
The deep elf mage casts a spell.
The deep elf mage blinks!
You are covered in liquid flames!
There is an open door here.
You see here a book of Minor Magic.
You are covered in liquid flames!
The deep elf mage points at you and mumbles some strange words.
The bolt of fire hits you!
You die...

▓▓▓▓▓▓▓▓ ▓▓▓ .'.....♣♣
♣.##### .#....♣.♣
♣.#___# ##....♣.♣
♣.#..@#
.#....≈♣♣♣♣♣.###:#+###+
.#...≈≈....♣.#..e.......
(#..≈≈≈≈.♣♣♣.'.⌠........
'#..≈≈≈≈≈≈♣..#...######+
.#.≈≈≈≈≈≈....#.⌠.#
.#.≈≈≈≈≈.....#...#
.#.≈≈≈.......#'###
##...........#.).#


You could see a deep elf mage.

Vanquished Creatures
  A water elemental (D)
  A wizard (D)
  Jessica (D)
  A human (D)
  A kobold demonologist (D)
  A wolf (D)
  3 rats (D)
9 creatures vanquished.

Vanquished Creatures (others)
  2 draconian scorchers (D)
  6 hellions (D)
  2 yaktaurs (D)
  3 plants (D)
13 creatures vanquished.

Grand Total: 22 creatures vanquished

Notes
Turn   | Place    | Note
-------+----------+-------------------------------------------
     0 | D        | wojtek the Minotaur Berserker began the quest for the Orb.
     0 | D        | Reached XP level 1. HP: 19/19 MP: 0/0
     5 | D        | Reached skill level 4 in Axes
    14 | D        | Noticed Jessica
    18 | D        | Killed Jessica
    18 | D        | Reached ** piety under Trog
    18 | D        | Reached skill level 5 in Axes
    18 | D        | Reached XP level 2. HP: 28/28 MP: 1/1
    51 | D        | Reached skill level 5 in Fighting
    51 | D        | Reached skill level 6 in Axes
    51 | D        | Reached XP level 3. HP: 36/36 MP: 2/2
    97 | D        | Killed a yaktaur
   103 | D        | Killed a yaktaur
   103 | D        | Killed a hellion
   106 | D        | Killed a hellion
   107 | D        | Killed a hellion
   127 | D        | Killed a hellion
   129 | D        | Killed a hellion
   178 | D        | Killed a hellion
   190 | D        | Noticed a water elemental
   195 | D        | Killed a water elemental
   195 | D        | Reached *** piety under Trog
   195 | D        | Reached skill level 8 in Axes
   195 | D        | Reached skill level 5 in Armour
   195 | D        | Reached skill level 5 in Dodging
   195 | D        | Reached XP level 4. HP: 44/44 MP: 3/3
   214 | D        | Killed a white draconian scorcher
   224 | D        | Killed a white draconian scorcher
   238 | D        | Found a radiant altar of Vehumet.
   238 | D        | Found a deep blue altar of Sif Muna.
   238 | D        | Found an ancient bone altar of Kikubaaqudgha.
   238 | D        | Noticed a wizard
   241 | D        | Noticed a chaos spawn
   241 | D        | Killed a wizard
   241 | D        | Reached XP level 5. HP: 51/51 MP: 4/4
   244 | D        | Noticed a rust devil
   247 | D        | Reached **** piety under Trog
   364 | D        | Found a glowing silver altar of Zin.
   365 | D        | Found a glowing golden altar of the Shining One.
   365 | D        | Found a white marble altar of Elyvilon.
   365 | D        | Noticed a deep elf mage
   371 | D        | Killed from afar by a deep elf mage

Skill      XL: |  1  2  3  4  5 |
---------------+----------------+-----
Axes           | 5 6 8 |  8.9
Fighting       | 4 5 6 |  6.7
Armour         | 3 4 5 6 |  6.1
Dodging        | 3 5 |  5.6

Action                   |  1- 3 |  4- 6 || total
-------------------------+-------+-------++-------
Melee: Hand axe          |    20 |     6 ||    26
       Headbutt          |     3 |       ||     3
Invok: Berserk           |     2 |     1 ||     3
 Stab: Sleeping          |     1 |       ||     1
  Eat: Chunk             |       |     1 ||     1
Armor: Animal skin       |     3 |       ||     3
Dodge: Dodged            |     7 |     3 ||    10
